 Seeded DCSS version 0.29.1-1-gd02db6906a (webtiles) character file.

Game seed: 2387645567842811425 (custom seed)

2468 lonewolfV2 the Covered (level 9, -1/50 HPs)
             Began as a Gargoyle Fighter on Oct 18, 2022.
             Was a Follower of Hepliaklqana.
             Slain by a 13-headed hydra (3 damage)
             ... on level 7 of the Dungeon.
             The game lasted 00:12:14 (7343 turns).

lonewolfV2 the Covered (Gargoyle Fighter)           Turns: 7343, Time: 00:12:17

Health: -1/50      AC: 34    Str: 21    XL:     9   Next: 51%
Magic:  9/9        EV:  3    Int:  8    God:    Hepliaklqana [*.....]
Gold:   338        SH:  7    Dex: 19    Spells: 8/8 levels left

rFire   + + .      SeeInvis +   z - +4 war axe (freeze)
rCold   . . .      Faith    .   b - +1 buckler
rNeg    + . .      Spirit   .   l - +10 crystal plate armour "Lumo" {Rampage Drain +Inv rF++}
rPois   ∞          Reflect  .   (no helmet)
rElec   +          Harm     .   (no cloak)
rCorr   +          Rampage  +   (no gloves)
Will    .....                   (no boots)
Stlth   ..........              (no amulet)
HPRegen 0.16/turn               n - +6 ring of dexterity
MPRegen 0.11/turn               f - ring of the Equinox {rCorr Slay+2 SInv}

@: no status effects
A: reduced essence, sickness immunity, AC +6, negative energy resistance 1,
electricity resistance, torment resistance 1, petrification resistance
a: Renounce Religion, Evoke Invisibility, Recall Ancestor, Ancestor Identity


You were on level 7 of the Dungeon.
You worshipped Hepliaklqana.
Hepliaklqana was aware of your devotion.
You visited 2 branches of the dungeon, and saw 8 of its levels.
You also visited: Ossuary.

You collected 478 gold pieces.
You spent 140 gold pieces at shops.

Inventory:

Hand Weapons
 w - a +2 vorpal morningstar
 z - a +4 war axe of freezing (weapon)
Missiles
 m - 2 throwing nets (quivered)
Armour
 a - a +0 scale mail
 b - a +1 buckler (worn)
 l - the +10 crystal plate armour "Lumo" (worn) {Rampage Drain +Inv rF++}
   (You acquired it on level 2 of the Dungeon)

   rF:        It greatly protects you from fire.
   +Inv:      It lets you turn invisible.
   Drain:     It drains your maximum health when unequipped.
   Rampage:   It bestows one free step when moving towards enemies.
Jewellery
 f - the ring of the Equinox (right hand) {rCorr Slay+2 SInv}
   (You acquired it on level 1 of the Dungeon)

   [ring of see invisible]

   Slay:      It affects your accuracy & damage with ranged weapons and melee
   (+2).
   SInv:      It lets you see invisible.
   rCorr:     It protects you from acid and corrosion.
 h - a +4 ring of evasion
 k - a ring of protection from cold
 n - a +6 ring of dexterity (left hand)
 v - a ring of protection from cold
Wands
 t - a wand of iceblast (19)
Scrolls
 i - 8 scrolls of teleportation
 o - 2 scrolls of magic mapping
 s - 4 scrolls of identify
 x - a scroll of amnesia
 y - a scroll of summoning
 B - 2 scrolls of enchant weapon
 D - a scroll of blinking {unknown}
Potions
 c - a potion of might
 d - 7 potions of curing
 e - a potion of haste {unknown}
 g - a potion of magic {unknown}
 j - 3 potions of flight {unknown}
 p - a potion of lignification {unknown}
 q - a potion of cancellation {unknown}
 r - a potion of degeneration {unknown}
 u - a potion of mutation {unknown}
 A - a potion of resistance {unknown}
 C - a potion of heal wounds {unknown}


   Skills:
 + Level 6.7 Fighting
 * Level 4.0(4.8) Axes
 - Level 4.4(5.3) Maces & Flails
 + Level 6.7 Armour
 + Level 6.6 Shields
 + Level 5.6 Unarmed Combat


You had 8 spell levels left.
You didn't know any spells.
Your spell library contained the following spells:

 Spells                   Type           Power      Damage    Failure   Level
 Confusing Touch          Hex            0%         N/A       100%        3
 Gell's Gravitas          Tloc           0%         N/A       100%        3
 Lesser Beckoning         Tloc           0%         N/A       100%        3
 Teleport Other           Tloc           0%         N/A       100%        3
 Yara's Violent Unravell  Hex/Tmut       0%         3d3       100%        5
 Enfeeble                 Hex            0%         N/A       100%        7


Dungeon Overview and Level Annotations

Branches:
Dungeon (7/15)             Temple (1/1) D:4         Ossuary (visited)

Altars:
Ashenzari
Cheibriados
Dithmenos
Elyvilon
Fedhas
Gozag
Hepliaklqana
Kikubaaqudgha
Nemelex Xobeh
Okawaru
Qazlal
Ru
Sif Muna
Trog
Uskayaw
Wu Jian
Yredelemnul
The Shining One

Shops:
D:3 *   D:5 [


Innate Abilities, Weirdness & Mutations

Your life essence is reduced to manifest your ancestor. (-10% HP)
You are immune to sickness and miasma.
Your stone body is resilient. (AC +6)
You are immune to poison.
You resist negative energy. (rN+)
You are resistant to electric shocks. (rElec)
You are resistant to unholy torment.
You are immune to petrification.


Message History

The 12-headed hydra bites Shawn!
The 12-headed hydra bites Shawn.
Shawn is destroyed!
You block the 12-headed hydra's attack.
The 12-headed hydra bites you but does no damage. x3
The 12-headed hydra completely misses you.
You block the 12-headed hydra's attack.
You barely miss the 12-headed hydra.
The 12-headed hydra is severely wounded.
The 12-headed hydra bites you but does no damage. x2
The 12-headed hydra completely misses you.
The 12-headed hydra bites you but does no damage. x2
The 12-headed hydra barely misses you.
The 12-headed hydra bites you but does no damage. x2
The 12-headed hydra bites you!
The 12-headed hydra bites you but does no damage. x2
The 12-headed hydra bites you!
* * * LOW HITPOINT WARNING * * *
You chop one of the 12-headed hydra's heads off!
The 11-headed hydra grows two more!
You slash the 13-headed hydra!
The 13-headed hydra seems to slow down.
You freeze the 13-headed hydra.
The 13-headed hydra is almost dead.
You hear the faint creaking of a very distant portcullis.
You block the 13-headed hydra's attack. x2
The 13-headed hydra bites you but does no damage.
The 13-headed hydra bites you.
* * * LOW HITPOINT WARNING * * *
The 13-headed hydra bites you but does no damage. x3
The 13-headed hydra bites you.
* * * LOW HITPOINT WARNING * * *
The 13-headed hydra bites you but does no damage. x2
You block the 13-headed hydra's attack.
The 13-headed hydra bites you but does no damage.
You block the 13-headed hydra's attack.
You feel better. The 13-headed hydra bites you.
* * * LOW HITPOINT WARNING * * *
The 13-headed hydra bites you but does no damage.
The 13-headed hydra bites you!
* * * LOW HITPOINT WARNING * * *
The 13-headed hydra bites you.
You die...

##......#.##
.##.....#..#
..#........#
#.#.....#.##
#.##.....## ..
#..#....#### #..#
..#...))..######
#..h####.#.....).......
#ooD@..#.............
####................#
#####............#
#..##..#....###
#####..#....# #...#####
#..##


You could see a 13-headed hydra (slow), a black bear, an orc wizard (invisible)
and an orc.

Vanquished Creatures
  An ice beast (D:5)
  3 phantoms
  2 elf zombies (Ossuary)
  A bullfrog (D:6)
  A necrophage (D:6)
  A spectral wyvern (D:6)
  2 scorpions (D:5)
  7 wights (D:6)
  A spectral bullfrog (D:6)
  A human zombie (Ossuary)
  3 orc priests
  A gnoll bouda (D:7)
  2 hounds (D:5)
  A bullfrog skeleton (D:6)
  3 iguanas
  3 orc wizards
  A hound zombie (Ossuary)
  4 mummies
  18 gnolls
  6 adders
  A shadow imp (D:5)
  2 white imps (D:7)
  2 ufetubi
  4 adder zombies (Ossuary)
  A worm (D:4)
  6 dart slugs
  13 orcs
  8 endoplasms
  6 giant cockroaches
  A gnoll zombie (Ossuary)
  9 goblins
  6 hobgoblins
  7 jackals
  6 quokkas
  6 ball pythons
  6 bats
  3 frilled lizards
  A goblin zombie (Ossuary)
  3 hobgoblin zombies (Ossuary)
  A jackal zombie (Ossuary)
  8 kobolds
  2 kobold zombies (Ossuary)
  3 orc zombies (Ossuary)
  2 quokka zombies (Ossuary)
  6 rats
  2 rat zombies (Ossuary)
177 creatures vanquished.

Vanquished Creatures (collateral kills)
  An ice beast (D:7)
  2 elf zombies (Ossuary)
  2 wights (D:6)
  A bullfrog zombie (D:6)
  A human zombie (Ossuary)
  A hound zombie (Ossuary)
  An ufetubus (D:6)
  2 adder zombies (Ossuary)
  A goblin zombie (Ossuary)
  2 hobgoblin zombies (Ossuary)
  An orc zombie (Ossuary)
  A rat zombie (Ossuary)
16 creatures vanquished.

Vanquished Creatures (others)
  An ancestor (D:7)
  15 withered plants (D:6)
16 creatures vanquished.

Grand Total: 209 creatures vanquished

Notes
Turn   | Place    | Note
-------+----------+-------------------------------------------
     0 | D:1      | lonewolfV2 the Gargoyle Fighter began the quest for the
                  | Orb.
     0 | D:1      | Reached XP level 1. HP: 14/14 MP: 1/1
   278 | D:1      | Identified a scroll of acquirement
   278 | D:1      | Acquired the ring of the Equinox {rCorr Slay+2 SInv}
   287 | D:1      | Reached XP level 2. HP: 18/19 MP: 2/2
   730 | D:1      | Found a faded altar of an unknown god.
   938 | D:1      | Reached XP level 3. HP: 15/24 MP: 3/3
  1865 | D:2      | Reached XP level 4. HP: 29/29 MP: 4/4
  1907 | D:2      | Found a sparkling altar of Nemelex Xobeh.
  1919 | D:2      | Acquired the +10 crystal plate armour "Lumo" {Rampage Drain
                  | +Inv rF++}
  2216 | D:2      | Reached XP level 5. HP: 28/33 MP: 5/5
  3144 | D:3      | Found a bloodstained altar of Trog.
  3236 | D:3      | Found a sparkling altar of Nemelex Xobeh.
  3375 | D:3      | Found Ybeonkia's Assorted Antiques.
  3383 | D:3      | Bought a runed morningstar for 140 gold pieces
  3865 | D:4      | Reached XP level 6. HP: 35/39 MP: 6/6
  3869 | D:4      | Reached skill level 1 in Maces & Flails
  4143 | D:4      | Found an ornate altar of the Wu Jian Council.
  4518 | D:4      | Found a staircase to the Ecumenical Temple.
  4548 | Temple   | Entered the Ecumenical Temple
  4656 | Temple   | Became a worshipper of Hepliaklqana the Forgotten
  4746 | D:5      | Entered Level 5 of the Dungeon
  4767 | D:5      | Reached XP level 7. HP: 44/44 MP: 7/7
  4785 | D:5      | Reached skill level 5 in Fighting
  4785 | D:5      | Reached skill level 5 in Armour
  4981 | D:5      | Reached skill level 5 in Shields
  5251 | D:5      | Found Ufegorgh's Antique Armour Shoppe.
  5266 | D:5      | Reached XP level 8. HP: 49/50 MP: 8/8
  5305 | D:5      | Found an iron altar of Okawaru.
  5653 | D:5      | Found an ancient bone altar of Kikubaaqudgha.
  5849 | D:6      | Found an opulent altar of Gozag.
  5889 | D:6      | Reached * piety under Hepliaklqana
  5898 | D:6      | Reached skill level 1 in Axes
  5990 | D:6      | Found a shimmering blue altar of Sif Muna.
  6052 | D:6      | Found a white marble altar of Elyvilon.
  6113 | D:6      | Found a sand-covered staircase.
  6121 | Ossuary  | Entered an ossuary
  6335 | Ossuary  | Reached skill level 5 in Unarmed Combat
  6392 | Ossuary  | Reached XP level 9. HP: 49/49 MP: 9/9
  6551 | D:6      | Found a glowing golden altar of the Shining One.
  6772 | D:6      | Found the +4 dagger "Morg" {pain, Will+ Int+5}
  6884 | D:6      | Found a stormy altar of Qazlal.
  7020 | D:6      | Found a shadowy altar of Dithmenos.
  7331 | D:7      | Noticed a seven-headed hydra
  7343 | D:7      | HP: 2/50 [13-headed hydra (9)]
  7343 | D:7      | Slain by a 13-headed hydra

Illustrated notes

Levels and vault maps discovered:
D:1:      lemuel_arrival_room, layout_basic, ebering_ecumenical_altar_box
D:2:      layout_loops_ring, serial_rivers, chequers_serial_rivers_micro_e,
          chequers_serial_rivers_micro_b, chequers_serial_rivers_small_3,
          chequers_serial_rivers_micro_c, chequers_serial_rivers_micro_d,
          basic_altar
D:3:      cheibrodos_helix_gallery, layout_rooms, mainiacjoe_overflow_catwalk,
          mainiacjoe_overflow_surrounded_room, serial_shops, shop,
          nrook_mini_backslash
D:4:      layout_rooms, amcnicky_altar_gilded, minmay_temple_entry_nine_rooms,
          glass_columns_a
D:5:      cheibrodos_quashed, layout_basic, mainiacjoe_overflow_alcove_4,
          lemuel_doored_altar, serial_shops, nicolae_shop_trees
D:6:      layout_basic, grunt_gozag_breadcrumbs, elyvilon_altar_5,
          nicolae_tso_carved_into_rock, mainiacjoe_overflow_paths,
          kennysheep_mini, kennysheep_little_box, gup_ossuary_entry_pyramid,
          minmay_misc_feat_iff, minmay_misc_feat_nine_boxes,
          dilly_guarded_unrand_morg
D:7:      minmay_evil_eye, layout_cave_pools, enter_bailey_5
Temple:   nicolae_temple_ecumenical_triangle

Skill      XL: |  1  2  3  4  5  6  7  8  9 |
---------------+----------------------------+-----
Fighting       | 4 5 6 |  6.7
Armour         | 4 5 6 |  6.7
Shields        | 4 5 6 |  6.6
Unarmed Combat | 3 4 5 |  5.6
Maces & Flails | 2 3 4 |  4.4
Axes           | 2 4 |  4.0

Action                   |  1- 3 |  4- 6 |  7- 9 || total
-------------------------+-------+-------+-------++-------
Melee: Unarmed           |   159 |   138 |       ||   297
       Morningstar       |       |    73 |    76 ||   149
       War axe           |       |       |   137 ||   137
Invok: Recall Ancestor   |       |       |     2 ||     2
       Ancestor Identity |       |       |     2 ||     2
 Abil: Evoke Invisibilit |       |       |     1 ||     1
  Use: Scroll            |     5 |    11 |     1 ||    17
       Potion            |       |       |     1 ||     1
 Stab: Distracted        |       |       |     4 ||     4
Armor: Scale mail        |    64 |       |       ||    64
       Crystal plate arm |       |   255 |   310 ||   565
Dodge: Dodged            |    75 |    50 |    46 ||   171
Block: Buckler           |    29 |    80 |   105 ||   214
